 Dungeon Crawl Stone Soup version 0.32-a0-411-g744942f433 (webtiles) character file.

Game seed: 3337374805455888411

273 zenocrate the Sneak (level 6, -16/43 HPs)
             Began as an Octopode Delver on Feb 20, 2024.
             Killed themself with a badly aimed iceblast (21 damage)
             ... on level 5 of the Dungeon.
             The game lasted 00:02:45 (3496 turns).

zenocrate the Sneak (Octopode Delver)               Turns: 3496, Time: 00:02:45

Health: -16/43     AC:  1    Str: 11    XL:     6   Next: 24%
Magic:  6/6        EV: 14    Int: 19    God:
Gold:   244        SH:  0    Dex: 15    Spells: 1/5 levels left

rFire   . .          .
                       - Unarmed
rCold   . . .        (no shield)
rNeg    + . .        (helmet restricted)
rPois   .            (no amulet)
rElec   .            l - ring of positive energy
rCorr   .            n - +6 ring of intelligence
SInv    .            (no ring)
Will    .....        (no ring)
Stlth   +++++        (no ring)
HPRegen 0.27/turn    (no ring)
MPRegen 0.10/turn    (no ring)
                     (no ring)

%: no passive effects
@: no status effects
A: almost no armour, amphibious, 8 rings, camouflage 1, gelatinous body 1,
(nimble swimmer 1), tentacles
a: no special abilities


You were on level 5 of the Dungeon.
You visited 1 branch of the dungeon, and saw 5 of its levels.

You collected 244 gold pieces.

Inventory:

Missiles
 k - 3 poisoned darts (quivered)
Armour
 z - a +0 buckler
Jewellery
 l - a ring of positive energy (left tentacle)
 n - a +6 ring of intelligence (right tentacle)
Talismans
 y - a beast talisman
Wands
 e - a wand of digging (2)
 p - a wand of iceblast (10)
 A - a wand of charming (12)
Scrolls
 a - 2 scrolls of fog
 b - a scroll of revelation
 c - a scroll of fear
 f - 2 scrolls of immolation {unknown}
 g - 3 scrolls of teleportation
 i - a scroll of amnesia {unknown}
 j - a scroll of enchant weapon {unknown}
 r - a scroll of identify {unknown}
 t - 2 scrolls of blinking
 v - a scroll of poison {unknown}
 w - a scroll of silence {unknown}
Potions
 d - 3 potions of haste
 h - 2 potions of invisibility
 m - a potion of cancellation
 o - a potion of enlightenment {unknown}
 q - a potion of berserk rage {unknown}
 s - a potion of attraction {unknown}
 u - a potion of lignification {unknown}
 x - a potion of degeneration {unknown}


   Skills:
 + Level 3.9 Fighting
 + Level 3.2 Dodging
 + Level 7.4 Stealth
 + Level 0.7 Shields
 + Level 3.1 Unarmed Combat
 * Level 2.9 Evocations
 + Level 0.6 Shapeshifting


You had one spell level left.
You knew the following spells:

 Your Spells              Type           Power      Damage    Failure   Level
a - Confusing Touch       Hex            0%         N/A       52%         3
m - Apportation           Tloc           0%         N/A       21%         1

Your spell library contained the following spells:

 Spells                   Type           Power      Damage    Failure   Level
 Necrotise                Necr           0%         1d4       21%         1
 Slow                     Hex            0%         N/A       21%         1
 Sting                    Conj/Alch      0%         1d3       21%         1
 Summon Small Mammal      Summ           0%         N/A       21%         1
 Sigil of Binding         Hex            0%         N/A       52%         3
 Vampiric Draining        Necr           0%         2d6       52%         3


Dungeon Overview and Level Annotations

Branches:
Dungeon (5/15)
 Temple: D:4-7

Altars:
Kikubaaqudgha
Makhleb
Qazlal
Sif Muna
Vehumet
Zin

Annotations:
D:5 Blork the orc, Eustachio


Innate Abilities, Weirdness & Mutations

You cannot wear most types of armour.
You are amphibious.
You can wear up to eight rings at the same time.
Your skin changes colour to match your surroundings (Stealth+).
Your rubbery body absorbs attacks. (AC +1, EV +1)
((You are camouflaged when in or above water. (Stealth+)))
You have tentacles for arms and can constrict up to eight enemies at once.


Message History

You closely miss something. Your squeeze misses something.
You constrict the orc, but do no damage.
The orc misses you. Something hits you.
You tentacle-slap the orc but do no damage.
You squeeze the orc.
You kill the orc!
Something hits you.
No target in view!
You tentacle-slap something. Something barely misses you.
You tentacle-slap something. Something hits you.
You closely miss something. Something hits you.
You miss something. Your squeeze misses something.
You hear some strange, mumbled words.
Something tries to affect you, but you resist.
You barely miss something.
You hear some strange, mumbled words.
You are confused.
You're too confused to move!
Something hits you.
You bump into the rock wall.
Something hits you.
You miss something. Something hits you.
Unknown command.
You closely miss something. Your squeeze misses something. Something hits you.
* * * LOW HITPOINT WARNING * * *
Unknown command.
Unknown command.
You are too confused!
Unknown command.
It was a potion of cancellation.
Your magical effects are unravelling.
You feel magically purged.
You feel less confused. Something hits you.
* * * LOW HITPOINT WARNING * * *
Unknown command.
Aiming: Iceblast
Press: ? - help, Shift-Dir - straight line The mass of ice explodes!
The iceblast engulfs something!
Reactivating autopickup.
You feel a bit more experienced. The iceblast engulfs you!!
You die...

#####...# #.#
#...#...# #.#
#.#.#.#.# #.# #
#.#...#.# #.#
#.# #.#####.#
#.#
#(..####.#####.#
#..
..............>#
###
###.#...#####.#
# #.#@#.....# #
#.))#####.# #
###...# .....#
....#.#
........#
.?##.#....# ...
#.#.[ .##.# ...
#.#....!..#


There were no monsters in sight!

Vanquished Creatures
  2 orc priests
  An iguana (D:4)
  An orc wizard (D:5)
  6 adders
  A ribbon worm (D:2)
  4 dart slugs
  9 orcs
  3 bats
  3 endoplasms
  9 goblins
  3 hobgoblins
  6 jackals
  2 kobolds
  9 quokkas
  4 ball pythons
  A frilled lizard (D:3)
  4 rats
68 creatures vanquished.

Notes
Turn   | Place    | Note
-------+----------+-------------------------------------------
     0 | D:5      | zenocrate the Octopode Delver began the quest for the Orb.
     0 | D:5      | Reached XP level 1. HP: 16/16 MP: 1/1
     3 | D:5      | Noticed Eustachio
     9 | D:5      | Noticed Blork the orc
   116 | D:1      | Reached XP level 2. HP: 19/21 MP: 2/2
   264 | D:1      | Reached XP level 3. HP: 20/26 MP: 3/3
   545 | D:1      | Reached skill level 7 in Stealth
   863 | D:2      | Reached skill level 1 in Evocations
  1021 | D:2      | Reached XP level 4. HP: 26/31 MP: 4/4
  1134 | D:2      | Found a faded altar of an unknown god.
  1355 | D:2      | Identified the +1 pair of boots of Leitet {Rampage rC+
                  | Int-4}
  1657 | D:2      | Learned a level 1 spell: Apportation
  1821 | D:3      | Reached XP level 5. HP: 29/36 MP: 5/5
  2011 | D:3      | Found a radiant altar of Vehumet.
  2230 | D:3      | Found a burning altar of Makhleb.
  2231 | D:3      | Found an ancient bone altar of Kikubaaqudgha.
  2237 | D:3      | Found a stormy altar of Qazlal.
  2237 | D:3      | Found a shimmering blue altar of Sif Muna.
  2464 | D:3      | Found a glowing silver altar of Zin.
  3034 | D:4      | Reached XP level 6. HP: 8/43 MP: 6/6
  3265 | D:4      | Learned a level 3 spell: Confusing Touch
  3496 | D:5      | Killed themself with a badly aimed iceblast

Illustrated notes

Levels and vault maps discovered:
D:1:      lightli_arrival_flooded_house, layout_basic
D:2:      layout_basic, serial_forest, infiniplex_forest_clump_diagonal,
          infiniplex_forest_straight_2, infiniplex_forest_lined_ring,
          infiniplex_forest_straight_3, infiniplex_forest_lined_4_way,
          infiniplex_forest_clump_medium, infiniplex_forest_end_double,
          infiniplex_forest_lined_room_2, infiniplex_forest_3_way,
          hellmonk_ecumenical_altar_zigzags
D:3:      layout_basic, nicolae_vehumet_radiance, zin_scriptorium,
          grunt_temple_overflow_open, hangedman_decor_growths
D:4:      layout_basic, grunt_decor_one_mirror, minmay_misc_feat_tower
D:5:      gammafunk_cloud_chamber, layout_basic,
          minmay_temple_entry_statues_fountains, uniq_blork_the_orc,
          uniq_eustachio

Skill      XL: |  1  2  3  4  5 |
---------------+----------------+-----
Stealth        | 7 |  7.4
Evocations     | 1 2 |  2.9
Unarmed Combat | 3 |  3.1
Dodging        | 3 |  3.2
Fighting       | |  3.9
Shields        | |  0.7
Shapeshifting  | |  0.6

Action                     |  1- 3 |  4- 6 || total
---------------------------+-------+-------++-------
  Melee: Unarmed           |    52 |   101 ||   153
         Constrict         |    17 |    28 ||    45
         Punch             |     2 |     1 ||     3
         Tentacles         |    14 |    24 ||    38
  Evoke: Wand              |       |     1 ||     1
    Use: Scroll            |     1 |     2 ||     3
         Potion            |       |     2 ||     2
   Stab: Sleeping          |     7 |    15 ||    22
 Armour: Skin              |    18 |    44 ||    62
  Dodge: Dodged            |    32 |    55 ||    87

Table legend: (Time is in decaauts)
 A = Elapsed time spent in this place.
 B = Non-inter-level travel time spent in this place.
 C = Inter-level travel time spent in this place.
 D = Time resting spent in this place.
 E = Time spent auto-exploring this place.
 F = Levels seen in this place.
 G = Mean time per level.
                   A        B        C        D        E       F      G
               +--------+--------+--------+--------+--------+-----+--------+
         Total |   3484 |   3388 |     96 |      2 |   2816 |   5 |  696.8 |
       Dungeon |   3484 |   3388 |     96 |      2 |   2816 |   5 |  696.8 |
               +--------+--------+--------+--------+--------+-----+--------+

Top non-repeatable levels by time:
     D:3: 954 daAuts
     D:2: 835 daAuts
     D:4: 781 daAuts
     D:1: 745 daAuts
     D:5: 169 daAuts
